 Dungeon Crawl Stone Soup version 0.32-a0-938-g40ac7a0f4d (webtiles) character file.

Game seed: 10424108545482173126

200 Revguard the Trooper (level 5, 0/57 (61) HPs)
             Began as a Demonspawn Gladiator on Apr 15, 2024.
             Slain by a gnoll
             ... wielding a +0 flail
              (1 damage)
             ... on level 4 of the Dungeon.
             The game lasted 00:07:37 (2969 turns).

Revguard the Trooper (Demonspawn Gladiator)         Turns: 2969, Time: 00:07:37

HP:   0/57 (61)     AC: 22    Str: 15    XL:     5   Next: 48%
MP:   6/6           EV:  2    Int:  8    God:
Gold: 203           SH:  0    Dex: 16    Spells: 4/4 levels left

rFire   . . .        l - +1 short sword (venom)
rCold   . . .        (no shield)
rNeg    . . .        g - melded +0 ring mail
rPois   +            (helmet currently unavailable)
rElec   .            (cloak currently unavailable)
rCorr   .            (gloves currently unavailable)
SInv    .            h - melded +0 pair of boots
Will    .....        (no amulet)
Stlth   ++           (no ring)
HPRegen 0.29/turn    (no ring)
MPRegen 0.10/turn

%: no passive effects
@: tree-form, drained
A: stationary, stasis, torment immunity, boosted hp, (antennae 2), repulsion
field 1, powered by pain 1, (hooves 1), deterioration 1
a: no special abilities


You were on level 4 of the Dungeon.
You were a tree.
You visited 1 branch of the dungeon, and saw 4 of its levels.

You collected 203 gold pieces.

Inventory:

Hand Weapons
 a - a +0 long sword
 l - a +1 short sword of venom (weapon)
Missiles
 d - 3 throwing nets (quivered)
 e - a javelin
Armour
 b - a +0 leather armour
 c - a +0 helmet
 g - a +0 ring mail (melded)
 h - a +0 pair of boots (melded)
Wands
 f - a wand of polymorph (9)
Scrolls
 k - 2 scrolls of teleportation {unknown}
 m - 2 scrolls of noise {unknown}
 n - a scroll of immolation {unknown}
 o - a scroll of acquirement {unknown}
 p - a scroll of blinking {unknown}
Potions
 j - a potion of resistance {unknown}
 r - a potion of attraction {unknown}


   Skills:
 + Level 3.3 Fighting
 + Level 0.6(2.1) Short Blades
 - Level 3.2 Long Blades
 - Level 1.7 Throwing
 + Level 1.3 Armour
 + Level 3.2 Dodging
 + Level 1.2 Stealth
 + Level 2.3 Invocations
 + Level 1.4 Evocations


You had 4 spell levels left.
You didn't know any spells.
Your spell library contained the following spells:

 Spells                   Type           Power      Damage    Failure   Level
 Apportation              Tloc           0%         N/A       41%         1
 Jinxbite                 Hex            0%         N/A       54%         2
 Fugue of the Fallen      Necr           0%         N/A       78%         3
 Ozocubu's Armour         Ice            0%         N/A       78%         3
 Alistair's Intoxication  Alch           0%         N/A       100%        5
 Manifold Assault         Tloc           0%         N/A       100%        7


Dungeon Overview and Level Annotations

Branches:
Dungeon (4/15)
 Temple: D:4-7

Altars:
Sif Muna
Trog
Vehumet

Shops:
D:1 [


Innate Abilities, Weirdness & Mutations

You are a tree.
Your roots penetrate the ground, keeping you stationary.
You cannot be teleported.
You are immune to unholy pain and torment.
Your maximum health is greatly increased.
Your equipment is partially melded.
((You have a pair of antennae on your head.))
You are surrounded by a mild repulsion field. (EV +2)
You sometimes gain a little power by taking damage.
((You have large cloven feet.))
Your body sometimes deteriorates upon taking damage.


Message History

q - a murky black potion You pick up a book of Party Tricks and begin reading...
You add the spells Apportation, Jinxbite and Alistair's Intoxication to your library.
Found 5 datura-tipped darts.
r - a lumpy sapphire potion You see here 5 datura-tipped darts.
Found a stone staircase leading down.
You sense a monster nearby.
Found a stone staircase leading down.
There is a stone staircase leading down here. 3 gnolls come into view.
Found 10 gold pieces and a scroll labelled HIMYENUTHRI.
The gnoll shouts! x3
A gnoll comes into view. It is wielding a +0 spear.
The gnoll hits you with a +0 halberd!
The gnoll shouts!
You hit the gnoll but do no damage. The gnoll barely misses you.
You barely miss the gnoll. The gnoll hits you with a +0 halberd.
The gnoll closely misses you.
You barely miss the gnoll. The gnoll barely misses you.
An orc comes into view. It is wielding a +0 war axe.
The gnoll hits you from afar with a +0 spear!
The gnoll hits you from afar with a +0 halberd.
The gnoll misses you. The gnoll hits you with a +0 flail!
* * * LOW HITPOINT WARNING * * *
There is a stone staircase leading down here.
It was a potion of lignification.
You turn into a tree.
Your +0 pair of boots melds into your body.
Your +0 ring mail melds into your body.
Your roots penetrate the ground.
The gnoll barely misses you.
You hit the gnoll.
The gnoll is poisoned.
The gnoll is lightly wounded.
The gnoll hits you but does no damage. The gnoll hits you with a +0 flail!
* * * LOW HITPOINT WARNING * * *
It was a potion of mutation.
You feel extremely strange.
Your feet thicken and deform.
You feel yourself wasting away.
The gnoll hits you from afar with a +0 halberd.
* * * LOW HITPOINT WARNING * * *
The gnoll hits you with a +0 flail.
You die...

#†##.### ####.#.#......##
###....## ##....)....###..#
........#########..#########
#### .)....#.>#........####
##
...........#######...##≈≈#
.....###.### #....§≈≈≈
.....# #.### ###....§§≈.
.>^..# #...### #....≈≈≈≈§§
....######..†###♣###≈≈≈§§#
###............#g# ##§§##
##############g########
.?.$....gg..{.o.
####.##>.o..#### #.##### #.#
..# ####


You could see 4 gnolls and an orc.

Vanquished Creatures
  A scorpion (D:2)
  An iguana (D:3)
  Robin (D:3)
  A gnoll (D:1)
  2 adders
  A ribbon worm (D:4)
  An orc (D:4)
  5 ball pythons
  7 bats
  7 endoplasms
  3 giant cockroaches
  16 goblins
  5 hobgoblins
  6 jackals
  3 kobolds
  A quokka (D:1)
  5 frilled lizards
  5 rats
71 creatures vanquished.

Notes
Turn   | Place    | Note
-------+----------+-------------------------------------------
     0 | D:1      | Revguard the Demonspawn Gladiator began the quest for the
                  | Orb.
     0 | D:1      | Reached XP level 1. HP: 16/16 MP: 1/1
   108 | D:1      | Gained mutation: You have a pair of small antennae on your
                  | head. [demonic ancestry]
   108 | D:1      | Reached XP level 2. HP: 22/22 MP: 2/2
   172 | D:1      | Found Zaufump's Antique Armour Shop.
   670 | D:1      | Reached skill level 1 in Invocations
   670 | D:1      | Gained mutation: You are surrounded by a mild repulsion
                  | field. (EV +2) [demonic ancestry]
   670 | D:1      | Reached XP level 3. HP: 11/28 MP: 3/3
  1105 | D:2      | Found a radiant altar of Vehumet.
  1280 | D:2      | Noticed a scorpion
  1289 | D:2      | Killed a scorpion
  1290 | D:2      | Reached skill level 1 in Armour
  1290 | D:2      | Reached skill level 1 in Stealth
  1290 | D:2      | Reached skill level 1 in Evocations
  1290 | D:2      | Gained mutation: You have a pair of antennae on your head.
                  | [demonic ancestry]
  1290 | D:2      | Reached XP level 4. HP: 29/35 MP: 5/5
  1915 | D:3      | Noticed Robin
  1934 | D:3      | Gained mutation: You sometimes gain a little power by
                  | taking damage. [demonic ancestry]
  1934 | D:3      | Reached XP level 5. HP: 24/41 MP: 6/6
  1959 | D:3      | Killed Robin
  2409 | D:3      | Found a shimmering blue altar of Sif Muna.
  2415 | D:3      | Found a bloodstained altar of Trog.
  2968 | D:4      | HP: 2/57 [gnoll/+0 flail (8)]
  2969 | D:4      | Gained mutation: You have large cloven feet. [potion of
                  | mutation]
  2969 | D:4      | Gained mutation: Your body sometimes deteriorates upon
                  | taking damage. [potion of mutation]
  2969 | D:4      | Slain by a gnoll

Illustrated notes

Levels and vault maps discovered:
D:1:      dpeg_arrival_pond, layout_basic, serial_shops,
          nicolae_shop_hallway_plus, hangedman_decor_push
D:2:      layout_loops_corners, basic_altar
D:3:      layout_loops_ring, hellmonk_overflow_destroyed_library,
          patterned_corridor, uniq_robin
D:4:      layout_rooms, minmay_temple_entry_fiery, uniq_pikel

Skill      XL: |  1  2  3 |
---------------+----------+-----
Long Blades    | 3 |  3.2
Invocations    | 1 2 |  2.3
Fighting       | 3 |  3.3
Armour         | 1 |  1.3
Dodging        | 3 |  3.2
Stealth        | 1 |  1.2
Evocations     | 1 |  1.4
Short Blades   | |  0.6
Throwing       | |  1.7

Action                     |  1- 3 |  4- 6 || total
---------------------------+-------+-------++-------
  Melee: Long sword        |   125 |       ||   125
         Short sword       |     5 |   112 ||   117
    Use: Potion            |       |     3 ||     3
   Stab: Sleeping          |       |     1 ||     1
 Armour: Leather armour    |    20 |       ||    20
         Ring mail         |    75 |    65 ||   140
         Skin              |       |     4 ||     4
  Dodge: Dodged            |   127 |    64 ||   191

Table legend: (Time is in decaauts)
 A = Elapsed time spent in this place.
 B = Non-inter-level travel time spent in this place.
 C = Inter-level travel time spent in this place.
 D = Time resting spent in this place.
 E = Time spent auto-exploring this place.
 F = Levels seen in this place.
 G = Mean time per level.
                   A        B        C        D        E       F      G
               +--------+--------+--------+--------+--------+-----+--------+
         Total |   2987 |   2935 |     52 |      0 |   2355 |   4 |  746.8 |
       Dungeon |   2987 |   2935 |     52 |      0 |   2355 |   4 |  746.8 |
               +--------+--------+--------+--------+--------+-----+--------+

Top non-repeatable levels by time:
     D:2: 944 daAuts
     D:3: 918 daAuts
     D:1: 870 daAuts
     D:4: 254 daAuts
